 Dungeon Crawl Stone Soup version 0.30-a0-1075-gcd70e7a56d (webtiles) character file.

Game seed: 14334120646645203175

3 BillyBaka the Ducker (level 1, 0/20 HPs)
             Began as a Djinni Monk on Apr 14, 2023.
             Slain by an endoplasm (3 damage)
             ... on level 1 of the Dungeon.
             The game lasted 00:03:15 (115 turns).

BillyBaka the Ducker (Djinni Monk)                   Turns: 115, Time: 00:03:16

Health: 0/20       AC:  2    Str: 10    XL:     1   Next: 55%
Gold:   14         EV: 13    Int: 11    God:
                   SH:  0    Dex: 15

rFire   + + .      SeeInvis .    a - +0 spear
rCold   x . .      Faith    .    d - orb {light}
rNeg    . . .      Spirit   .    b - +0 robe
rPois   ∞          Reflect  .    (no helmet)
rElec   .          Rampage  .    (no cloak)
rCorr   .                        (no gloves)
Will    .....                    (boots unavailable)
Stlth   +                        (no amulet)
HPRegen 0.23/turn                (no ring)
MPRegen 0.00/turn                (no ring)

@: flying, glowing
A: sickness immunity, fire resistance 2, cold vulnerability 1, float, innate
caster, HP casting, extra vitality 1
a: no special abilities


You were on level 1 of the Dungeon.
You visited 1 branch of the dungeon, and saw 1 of its levels.

You collected 14 gold pieces.

Inventory:

Hand Weapons
 a - a +0 spear (weapon)
Armour
 b - a +0 robe (worn)
 d - an orb of light (worn)
Potions
 c - a potion of ambrosia


   Skills:
 + Level 3.0 Fighting
 + Level 2.4 Polearms
 + Level 3.3 Dodging
 + Level 1.6 Stealth
 + Level 0.1 Spellcasting You didn't know any spells. Your spell library was empty.

Dungeon Overview and Level Annotations

Branches:
Dungeon (1/15)

Altars:

Shops:
D:1 =


Innate Abilities, Weirdness & Mutations

You are immune to sickness and miasma.
You are immune to poison.
Your flesh is very heat resistant. (rF++)
You are vulnerable to cold. (rC-)
You float through the air rather than walking.
You learn spells naturally, not from books.
Your magical power is your life essence.
You have superior vitality. (+4 MHP)


Message History

An endoplasm comes into view.
The kobold hits you but does no damage.
You hit the kobold.
The kobold is severely wounded.
The frilled lizard unfolds its giant frill.
The kobold hits you with a +2 short sword of venom.
You are too injured to fight recklessly!
You are too injured to fight recklessly!
Unknown command.
The goblin attacks as you move away! The goblin misses you.
The kobold attacks as you move away!
The kobold hits you with a +2 short sword of venom.
You are too injured to fight recklessly!
You hit the goblin but do no damage. The goblin hits you with a +0 dagger.
You hit the goblin.
You kill the goblin!
You closely miss the kobold.
The kobold is severely wounded.
The kobold closely misses you.
You hit the kobold but do no damage.
The kobold is moderately wounded.
The kobold hits you with a +2 short sword of venom.
You hit the kobold but do no damage.
The kobold is moderately wounded.
The kobold closely misses you.
You hit the kobold.
The kobold is severely wounded.
The endoplasm hits you.
* * * LOW HITPOINT WARNING * * *
The kobold hits you with a +2 short sword of venom.
* * * LOW HITPOINT WARNING * * *
You hit the endoplasm.
The endoplasm is severely wounded.
The endoplasm barely misses you.
The kobold hits you with a +2 short sword of venom.
* * * LOW HITPOINT WARNING * * *
You closely miss the kobold.
The kobold is severely wounded.
The endoplasm hits you.
You die...

.. #.#### ##### # #. ..
#...#####...### # #.. #.
#......#.#...#### (.# #.
#..###..∩...##... ... #.####
##..# ###.##..+...
#.###...###.#.# #.##.##...
#.......##..#.# #.##.#####
...#...>r....#J#.#####.##.##
# #.....#.#.##@#.#.........#
# #.....#.#.##K#.#.###.##.##
..........r..rr#.# #.##.#
.##.....########.#.###†##.###
#.....# #..........#.#
###.### ###.###.#.##.# #.
#.#.##.## #. #.#.#...##
#.#.......


You could see an endoplasm, a quokka, a kobold and a rat.

Vanquished Creatures
  2 bats (D:1)
  A goblin (D:1)
3 creatures vanquished.

Notes
Turn   | Place    | Note
-------+----------+-------------------------------------------
     0 | D:1      | BillyBaka the Djinni Monk began the quest for the Orb.
     0 | D:1      | Reached XP level 1. HP: 20/20 MP: 0/0
    62 | D:1      | Found Laodos's Jewellery Emporium.
   115 | D:1      | Slain by an endoplasm

Illustrated notes

Levels and vault maps discovered:
D:1:      minmay_arrival_cross, layout_loops_ring, serial_shops,
          nicolae_shop_crystal

Action                     || total
---------------------------++-------
  Melee: Spear             ||    18
 Armour: Robe              ||     4
  Dodge: Dodged            ||     8

Table legend: (Time is in decaauts)
 A = Elapsed time spent in this place.
 B = Non-inter-level travel time spent in this place.
 C = Inter-level travel time spent in this place.
 D = Time resting spent in this place.
 E = Time spent auto-exploring this place.
 F = Levels seen in this place.
 G = Mean time per level.
                   A        B        C        D        E       F      G
               +--------+--------+--------+--------+--------+-----+--------+
         Total |    114 |    114 |      0 |      0 |     76 |   1 |  114.0 |
       Dungeon |    114 |    114 |      0 |      0 |     76 |   1 |  114.0 |
               +--------+--------+--------+--------+--------+-----+--------+

Top non-repeatable levels by time:
     D:1: 114 daAuts
